 Dungeon Crawl Stone Soup version 0.14-a0-1570-g671a4b6 (webtiles) character file.

25658 PolkaDot the Necromancer (level 12, -15/87 HPs)
             Began as a Vampire Necromancer on Dec 20, 2013.
             Was a High Priest of Kikubaaqudgha.
             Demolished by Rupert
             ... wielding a +0,+2 great mace of draining
              (41 damage)
             ... on Level 7 of the Lair of Beasts.
             The game lasted 01:25:09 (14573 turns).

PolkaDot the Necromancer (Vampire Necromancer)     Turns: 14573, Time: 01:25:09

HP -15/87        AC 10     Str  7      XL: 12   Next: 82%
MP  15/18        EV 18     Int 17      God: Kikubaaqudgha [*****.]
Gold 992         SH 12     Dex 18      Spells:  4 memorised,  0 levels left

rFire  . . .     SeeInvis +     g - +5,+6 short sword (vamp)
rCold  + + .     Clarity  .     k - +0 elf leather armour
rNeg   + + +     Conserve .     C - +0 buckler
rPois  +         rCorr    .     t - +1 helmet {SInv} (curse)
rElec  .         rRot     +     B - +0 elf cloak
SustAb . .       Spirit   .     v - +1 pair of gloves
rMut   +         Warding  .     K - +0 pair of orc boots
Saprov . . .     Stasis   .     i - amulet of resist mutation
                                (no ring)
                                I - ring of regeneration

@: regenerating slowly, very slightly contaminated, somewhat resistant to
hostile enchantments, quite stealthy
A: bottle blood, fangs 3, see invisible, shaggy fur 1, unbreathing
a: Bat Form, Bottle Blood, Receive Corpses, Torment, Renounce Religion


You were on level 7 of the Lair of Beasts.
You worshipped Kikubaaqudgha.
Kikubaaqudgha was extremely pleased with you.
You were near bloodless.

You visited 3 branches of the dungeon, and saw 16 of its levels.
You also visited: Bailey.

You collected 1062 gold pieces.
You spent 70 gold pieces at shops.

Inventory:

Hand weapons
 g - a +5,+6 vampiric short sword (weapon)
Armour
 b - a +0 mottled dragon hide
 k - a +0 elven leather armour (worn)
 t - a cursed +1 helmet of see invisible (worn)
 v - a +1 pair of gloves (worn)
 B - a +0 elven cloak (worn)
 C - a +0 buckler (worn)
 K - a +0 pair of orcish boots (worn)
Magical devices
 o - a wand of disintegration (11)
 y - a wand of polymorph (6)
Scrolls
 c - a scroll of recharging
 d - 2 scrolls of magic mapping
 h - a scroll of enchant weapon III
 j - a scroll of fear {unknown}
 m - 5 scrolls of teleportation
 n - a scroll of identify
Jewellery
 f - an uncursed ring of ice
 i - an amulet of resist mutation (around neck)
 I - a ring of regeneration (left hand)
Potions
 a - 4 potions of restore abilities
 p - 2 potions of magic
Books
 w - Kikubaaqudgha's Handbook of Necromancy {god gift}
   (Kikubaaqudgha gifted it to you on level 7 of the Dungeon)

   Spells                             Type                      Level
   Pain                               Necromancy                   1
   Lethal Infusion                    Charms/Necromancy            2
   Corpse Rot                         Necromancy                   2
   *Regeneration                      Charms/Necromancy            3
   Control Undead                     Necromancy                   4
 z - Kikubaaqudgha's Catalogue of Evil Arts {god gift}
   (Kikubaaqudgha gifted it to you on level 1 of the Lair of Beasts)

   Spells                             Type                      Level
   *Animate Dead                      Necromancy                   4
   Excruciating Wounds                Charms/Necromancy            5
   Bolt of Draining                   Conjuration/Necromancy       5
   *Dispel Undead                     Necromancy                   5
   Death Channel                      Necromancy                   6


   Skills:
 + Level 5.8 Fighting
 - Level 8.1 Short Blades
 + Level 10.6 Dodging
 - Level 3.1 Stealth
 - Level 5.5 Shields
 - Level 2.0 Spellcasting
 * Level 16.8 Necromancy


You couldn't memorise any spells.
You knew the following spells:

 Your Spells              Type           Power        Failure   Level  Hunger
a - Animate Dead          Necr           N/A          1%          4    #####..
d - Vampiric Draining     Necr           ######....   1%          3    ####...
r - Regeneration          Chrm/Necr      ####......   1%          3    ####...
A - Dispel Undead         Necr           ######..     1%          5    ######.


Dungeon Overview and Level Annotations

Branches:
Dungeon (8/16)             Temple (1/1) D:6            Lair (7/8) D:8
 Shoals (0/5) Lair:6       Spider (0/5) Lair:6
  Slime: Lair:6-8

Altars:
Ashenzari
Cheibriados
Elyvilon
Fedhas
Kikubaaqudgha
Makhleb
Nemelex Xobeh
Okawaru
Sif Muna
Trog
Vehumet
Xom
Yredelemnul
Zin
the Shining One

Shops:
D:5 *

Annotations:
Lair:4 lorenz's ghost, powerful OgBe
Lair:7 Rupert


Innate Abilities, Weirdness & Mutations

You heal slowly.
You can bottle blood from corpses.
You have razor-sharp teeth.*
You have supernaturally acute eyesight.
You can survive without breathing.*
You are covered in fur (AC +1).*


Message History

You suddenly lose the ability to move!
You can move again.
You feel a little less clever now.
You feel less confused.
Rupert roars, making you freeze in fear.
You resist.
Your fire drake zombie bites Rupert.
Rupert roars madly and goes into a rage!
Rupert goes berserk!
Your fire drake zombie bites Rupert.
Casting: Vampiric Draining
Confirm with . or Enter, or press ? or * to list all spells.
Aiming: Vampiric Draining
Press: ? - help, Shift-Dir - straight line, f - Rupert
Aim: Rupert, wielding a runed great mace and wearing a runed leather armour (heavily wounded, berserk)
Okay, then.
You draw Rupert's blood!
You feel better.
You feel slightly less thirsty.
You hit Rupert.
Rupert is heavily wounded.
Rupert hits you with a runed great mace!
You die...
Kikubaaqudgha rasps: "You have failed me!
Welcome... oblivion!"

###### ##Z..................
.f.... ##ZZ..........#.......
.......##Z#Z........PP#.......
.....<...###.......#...#...#..
.........# ##....P####...# ..
.........############.@.## .
............#.######P..#.#
...............#...#PZ.#...
..........#.@@Z..ZZ..#......#
.#........#...#....#)##....##
#........#####...#### ....##
#......... ##..## ####.
#.......## ##...# .# ......##
#...### ... ...... ##....##
#... #..## #.#...#####...
#.......#.....


You could see Rupert (berserk), 3 friendly yak zombies and a friendly fire drake
zombie.

Vanquished Creatures
  2 hydras
  An orc knight (Bailey)
  5 elephants (Lair:5)
  9 black mambas
  An orb spider (Lair:6)
  3 spiny frogs
  4 fire drakes
  4 komodo dragons
  7 blink frogs
  7 yaks
  A merfolk (D:8)
  5 sharks
  Eustachio (D:8)
  2 wyverns (D:8)
  A hill giant skeleton (D:8)
  6 wolves
  A deep elf fighter (D:8)
  2 hippogriffs
  A necrophage (D:8)
  The ghost of mopl the Charmwright, an average HESk (D:4)
  5 porcupines
  4 orc warriors
  A giant goldfish (Lair:2)
  A sky beast (D:6)
  A phantom (D:8)
  An ogre (D:3)
  An ice beast (D:7)
  2 crocodiles
  Sigmund (D:2)
  3 centaurs
  4 giant slugs
  6 giant frogs
  An agate snail (Lair:2)
  7 water moccasins
  2 electric eels (Lair:2)
  3 jellyfish
  2 crimson imps
  A centaur zombie (D:8)
  2 big fish
  4 hounds
  7 iguanas
  6 orc wizards
  3 orc priests
  6 worker ants
  Ijyb (D:3)
  Jessica (D:3)
  A hound skeleton (D:4)
  8 gnolls
  14 adders
  29 green rats
  A giant centipede (Lair:2)
  3 giant mites
  3 worms
  A giant eyeball (D:4)
  2 oozes
  39 orcs
  15 hobgoblins
  19 jackals
  12 quokkas
  7 ball pythons
  20 bats
  3 giant cockroaches
  5 giant geckos
  A giant gecko skeleton (D:4)
  5 giant newts
  15 goblins
  2 hobgoblin zombies
  A jackal skeleton (D:4)
  18 kobolds
  A quokka zombie (D:3)
  21 rats
  A rat skeleton (D:7)
  4 ballistomycetes (D:8)
391 creatures vanquished.

Vanquished Creatures (collateral kills)
  3 hydras
  A catoblepas (Lair:6)
  A black mamba (Lair:3)
  3 spiny frogs
  A feature mimic (Lair:3)
  A komodo dragon (Lair:6)
  7 blink frogs
  A boulder beetle (Lair:4)
  A basilisk (Lair:3)
  A grizzly bear (Lair:2)
  3 sharks (Lair:2)
  3 yaks
  A steam dragon (D:8)
  A hippogriff (Lair:3)
  A mottled dragon (Lair:6)
  5 wolves
  3 porcupines
  A centaur (Lair:6)
  3 crocodiles
  5 giant slugs
  5 agate snails
  A giant frog zombie (D:8)
  A jelly (D:8)
  2 orc wizards
  A worker ant (D:8)
  5 hounds
  3 big fish
  12 green rats
  3 adders
  2 giant mites
  A worm (Lair:2)
  An adder skeleton (D:6)
  A giant gecko (D:6)
  3 orcs
  5 bats
  A hobgoblin (D:6)
  3 jackals
  A quokka (Lair:4)
  A ball python (Lair:3)
  2 goblins
  A ballistomycete (D:8)
  3 fungi
  3 plants
107 creatures vanquished.

Vanquished Creatures (others)
  A draconian (D:8)
  A blink frog zombie (Lair:6)
  2 shark zombies (Lair:2)
  A yak zombie (Lair:4)
  3 wolf zombies (Lair:6)
  A centaur zombie (Lair:6)
  A giant frog zombie (D:8)
  A water moccasin zombie (Lair:7)
  3 porcupine zombies
  A crocodile zombie (Lair:6)
  2 hound zombies
  A big fish zombie (Lair:5)
  An electric eel zombie (Lair:2)
  3 adder zombies
  12 green rat zombies
  An iguana zombie (Lair:6)
  A giant centipede zombie (Lair:2)
  An orc skeleton (D:7)
  2 bat zombies
  A giant mite zombie (D:7)
  A giant spore (D:8)
  2 green rat skeletons (Lair:4)
  4 jackal zombies
  An orc zombie (D:6)
  2 quokka zombies
  A rat zombie (Lair:4)
  2 fungi
  3 plants
56 creatures vanquished.

Grand Total: 554 creatures vanquished

Notes
Turn   | Place    | Note
--------------------------------------------------------------
     0 | D:1      | PolkaDot, the Vampire Necromancer, began the quest for the Orb.
     0 | D:1      | Reached XP level 1. HP: 13/13 MP: 3/3
   246 | D:1      | Reached XP level 2. HP: 19/19 MP: 4/4
   530 | D:1      | Reached skill level 1 in Short Blades
   944 | D:1      | Reached skill level 5 in Necromancy
  1398 | D:2      | Reached XP level 3. HP: 24/24 MP: 6/6
  1872 | D:2      | Reached XP level 4. HP: 30/30 MP: 7/7
  2041 | D:2      | Noticed Sigmund
  2047 | D:2      | Learned a level 3 spell: Vampiric Draining
  2067 | D:2      | Killed Sigmund
  2067 | D:2      | Reached skill level 6 in Necromancy
  2067 | D:2      | Reached XP level 5. HP: 35/35 MP: 9/9
  2119 | D:3      | Noticed Jessica
  2132 | D:3      | Killed Jessica
  2398 | D:3      | Noticed Ijyb
  2425 | D:3      | Killed Ijyb
  2502 | D:3      | Learned a level 4 spell: Animate Dead
  2765 | D:4      | Noticed an ogre
  2765 | D:4      | Noticed mopl's ghost (average HESk)
  2777 | D:3      | Killed an ogre
  2777 | D:3      | Reached skill level 7 in Necromancy
  2777 | D:3      | Reached XP level 6. HP: 40/42 MP: 0/10
  3015 | D:4      | Reached skill level 1 in Fighting
  3130 | D:4      | Reached XP level 7. HP: 43/48 MP: 10/12
  3338 | D:4      | Paralysed by a giant eyeball for 3 turns
  3348 | D:4      | Paralysed by a giant eyeball for 3 turns
  3407 | D:4      | Killed mopl's ghost
  3407 | D:4      | Reached skill level 8 in Necromancy
  3740 | D:5      | Entered Level 5 of the Dungeon
  3840 | D:5      | Found a burning altar of Makhleb.
  4119 | D:5      | Found Prurer's General Store.
  4223 | D:5      | Bought a +0 elven cloak for 25 gold pieces
  4223 | D:5      | Bought a +0 buckler for 45 gold pieces
  4489 | D:6      | Reached skill level 5 in Short Blades
  4528 | D:6      | Found a staircase to the Ecumenical Temple.
  4546 | D:6      | Reached skill level 9 in Necromancy
  4554 | Temple   | Entered the Ecumenical Temple
  4706 | Temple   | Became a worshipper of Kikubaaqudgha
  4806 | D:6      | Reached XP level 8. HP: 57/57 MP: 13/13
  4996 | D:6      | Found a snail-covered altar of Cheibriados.
  5001 | D:6      | Found a radiant altar of Vehumet.
  5236 | D:7      | Acquired Kikubaaqudgha's first power
  5236 | D:7      | Received a gift from Kikubaaqudgha
  5237 | D:7      | Identified Kikubaaqudgha's Handbook of Necromancy {god gift} (Kikubaaqudgha gifted it to you on level 7 of the Dungeon)
  5245 | D:7      | HP: 1/58 [orc warrior/runed orcish mace (3)]
  5385 | D:7      | Found a glowing silver altar of Zin.
  5414 | D:7      | Found a flagged portal.
  5468 | Bailey   | Entered a bailey
  5871 | Bailey   | Found a burning altar of Makhleb.
  5871 | Bailey   | Noticed an orc knight
  5918 | Bailey   | Killed an orc knight
  5918 | Bailey   | Reached skill level 10 in Necromancy
  5929 | Bailey   | Reached XP level 9. HP: 43/64 MP: 1/14
  6044 | D:7      | Acquired Kikubaaqudgha's second power
  6300 | D:7      | Paralysed by a giant eyeball for 4 turns
  6396 | D:7      | Found a blossoming altar of Fedhas.
  6511 | D:8      | Reached skill level 11 in Necromancy
  6560 | D:8      | Found a white marble altar of Elyvilon.
  6608 | D:8      | Noticed a draconian
  6621 | D:8      | Killed a draconian
  6709 | D:8      | Gained mutation: You are covered in fur (AC +1). [potion of beneficial mutation]
  6756 | D:8      | Noticed a fire drake
  6756 | D:8      | HP: 2/64 [centaur/arrow (10)]
  6769 | D:8      | Killed a fire drake
  6769 | D:8      | Reached skill level 5 in Dodging
  6795 | D:8      | Found a staircase to the Lair.
  6830 | D:8      | Reached skill level 12 in Necromancy
  6981 | D:8      | Noticed Eustachio
  6999 | D:8      | Killed Eustachio
  7027 | D:8      | Reached XP level 10. HP: 70/70 MP: 13/16
  7216 | Lair:1   | Entered Level 1 of the Lair of Beasts
  7225 | Lair:1   | Noticed a four-headed hydra
  7240 | Lair:1   | Killed a four-headed hydra
  7240 | Lair:1   | Reached skill level 1 in Shields
  7321 | Lair:1   | Received a gift from Kikubaaqudgha
  7322 | Lair:1   | Identified Kikubaaqudgha's Catalogue of Evil Arts {god gift} (Kikubaaqudgha gifted it to you on level 1 of the Lair of Beasts)
  7382 | Lair:1   | Reached skill level 13 in Necromancy
  7429 | Lair:1   | Noticed an eight-headed hydra
  7438 | Lair:1   | Killed an eight-headed hydra
  8296 | Lair:2   | Reached XP level 11. HP: 53/75 MP: 17/17
  8431 | Lair:2   | Acquired Kikubaaqudgha's third power
  8431 | Lair:2   | Reached skill level 14 in Necromancy
  9002 | Lair:2   | Learned a level 3 spell: Regeneration
  9518 | Lair:3   | Found a staircase to the Snake Pit.
  9520 | Lair:3   | Reached skill level 5 in Shields
  9559 | Lair:3   | the staircase to the Snake Pit was a mimic.
 10477 | Lair:4   | Reached skill level 15 in Necromancy
 10500 | Lair:4   | Noticed a seven-headed hydra
 10523 | Lair:4   | HP: 3/75 [seven-headed hydra (11)]
 10524 | Lair:4   | Killed a seven-headed hydra
 11013 | Lair:4   | Acquired Kikubaaqudgha's fourth power
 11046 | Lair:4   | Noticed lorenz's ghost (powerful OgBe)
 11055 | Lair:4   | Reached XP level 12. HP: 76/83 MP: 18/18
 11156 | Lair:4   | Learned a level 5 spell: Dispel Undead
 11249 | Lair:4   | Got an opalescent robe
 11250 | Lair:4   | Identified the +2 robe of the Mackerel {rF+ Curse} (You found it on level 4 of the Lair of Beasts)
 11985 | Lair:5   | Got a shimmering ring mail
 11986 | Lair:5   | Identified the +6 ring mail of Isitijos {Str-4 Int+2} (You found it on level 5 of the Lair of Beasts)
 12196 | Lair:5   | Identified the Almanac of Flight
 12757 | Lair:6   | Reached skill level 16 in Necromancy
 12766 | Lair:6   | Found a hole to the Spider Nest.
 12835 | Lair:6   | Found a staircase to the Shoals.
 12854 | Lair:6   | Reached skill level 5 in Fighting
 13036 | Lair:6   | Reached skill level 10 in Dodging
 13362 | Lair:6   | Noticed a four-headed hydra
 13364 | Lair:6   | HP: 4/86 [four-headed hydra (10)]
 13371 | Lair:6   | Killed a four-headed hydra
 14089 | Lair:7   | Identified a scroll of acquirement
 14163 | Lair:7   | Noticed a four-headed hydra
 14180 | Lair:7   | Killed a five-headed hydra
 14525 | Lair:7   | Noticed Rupert
 14567 | Lair:7   | Paralysed by Rupert for 2 turns
 14573 | Lair:7   | Demolished by Rupert

Action                   |  1- 3 |  4- 6 |  7- 9 | 10-12 || total
-------------------------+-------+-------+-------+-------++-------
Melee: Dagger            |   112 |       |       |       ||   112
       Short sword       |    84 |   188 |   509 |  1426 ||  2207
 Cast: Pain              |     3 |       |     1 |       ||     4
       Vampiric Draining |       |     6 |    34 |    45 ||    85
       Animate Dead      |       |     4 |    27 |    71 ||   102
       Regeneration      |       |       |       |     2 ||     2
 Abil: End Transformatio |       |       |     1 |     1 ||     2
       Bat Form          |       |       |     1 |     1 ||     2
Evoke: Wand              |       |       |     2 |     1 ||     3
  Use: Potion            |     1 |     4 |    10 |     6 ||    21
       Scroll            |     7 |     2 |    13 |    25 ||    47
 Stab: Sleeping          |     2 |     5 |    12 |    11 ||    30
       Invisible         |       |     4 |       |       ||     4
       Distracted        |       |     1 |     3 |    26 ||    30
